 Dungeon Crawl Stone Soup version 0.28-a0-384-g9e0c098162 (webtiles) character file.

Game seed: 10608028690349523356

42 Leszczynek the Ruffian (level 3, 11/28 HPs)
             Began as a Human Gladiator on Sept 2, 2021.
             Was a Follower of Yredelemnul.
             Quit the game on level 2 of the Dungeon.
             The game lasted 00:09:07 (976 turns).

Leszczynek the Ruffian (Human Gladiator)             Turns: 976, Time: 00:09:07

Health: 11/28      AC:  4    Str: 15    XL:     3   Next: 80%
Magic:  3/3        EV: 12    Int:  8    God:    Yredelemnul [*.....]
Gold:   41         SH:  0    Dex: 14    Spells: 0/2 levels left

rFire   . . .      SeeInvis .     - Unarmed
rCold   . . .      Faith    .   (no shield)
rNeg    . . .      Spirit   .   a - +0 leather armour
rPois   .          Reflect  .   b - +0 helmet
rElec   .          Harm     .   (no cloak)
rCorr   .          Rampage  .   (no gloves)
Will    .....                   (no boots)
Stlth   +.........              (no amulet)
HPRegen 0.09/turn               (no ring)
MPRegen 0.08/turn               (no ring)

@: no status effects
A: no striking features
a: Renounce Religion, Animate Remains


You were on level 2 of the Dungeon.
You worshipped Yredelemnul.
Yredelemnul was aware of your devotion.
You visited 1 branch of the dungeon, and saw 3 of its levels.

You collected 41 gold pieces.

Inventory:

Hand Weapons
 g - a +0 mace
Missiles
 c - 3 throwing nets (quivered)
 j - 5 stones
Armour
 a - a +0 leather armour (worn)
 b - a +0 helmet (worn)
 h - a +0 kite shield
Scrolls
 k - a scroll of magic mapping


   Skills:
 + Level 2.6 Fighting
 - Level 2.0 Throwing
 - Level 3.0 Dodging
 * Level 4.0 Unarmed Combat


You couldn't memorise any spells.
You knew the following spells:

 Your Spells              Type           Power      Damage    Failure   Level
a - Passwall              Tmut/Erth      0%         N/A       63%         2

Your spell library contained the following spells:

 Spells                   Type           Power      Damage    Failure   Level
 Swiftness                Air            0%         N/A       85%         3
 Invisibility             Hex            0%         N/A       100%        6
 Chain Lightning          Conj/Air       0%         N/A       100%        9
 Fire Storm               Conj/Fire      0%         5d1       100%        9


Dungeon Overview and Level Annotations

Branches:
Dungeon (3/15)

Altars:
Yredelemnul


Message History

The hobgoblin is severely wounded.
The hobgoblin closely misses you.
You hit the hobgoblin.
The hobgoblin is severely wounded.
The hobgoblin barely misses you.
You punch the hobgoblin!
You kill the hobgoblin!
Yredelemnul accepts your kill.
Found an escape hatch in the ceiling.
Found a blue potion.
There is an escape hatch in the ceiling here.
A mysterious force pulls you upwards. The hatch slams shut behind you.
The gnoll shouts! x2; The adder hisses angrily.
The ball python hisses angrily.
The gnoll shouts!
The adder hisses angrily.
Unknown command.
As you read the scroll labelled CEREISHREIG, it crumbles to dust.
The scroll dissolves into smoke.
It was a scroll of fog.
As you read the scroll labelled HIEPYNICOA, it crumbles to dust.
You hear a loud clanging noise!
It was a scroll of noise.
You hear a shout!
The ball python bites you but does no damage.
The ball python grabs you. The ball python constricts you.
As you read the scroll labelled VEMETE JEIGI, it crumbles to dust.
It is a scroll of amnesia.
Really abort (and waste the scroll)?
Okay, then.
The adder bites you. The ball python bites you. The ball python constricts you.
The ball python loses its grip on you. The adder bites you.
Unknown command.
You aren't carrying any potions.
The gnoll hits you from afar with a +0 halberd.
The adder bites you. The gnoll closely misses you.
As you read the scroll labelled YBYLUS IGINA, it crumbles to dust.
It is a scroll of identify.
k - a scroll of magic mapping The gnoll hits you but does no damage.
The adder completely misses you. The gnoll closely misses you.
Are you sure you want to abandon this character and quit the game? (Confirm with "yes".)

# ...
#######.....
#@gS§gg.g...
##S§§§§§g...
#Sg§§§.....
#..§.§......
#........J..
#.S....g....
.##
#...........
....
#.#.........
.... ....


You could see 2 gnolls, 2 adders and a ball python.

Vanquished Creatures
  A dart slug (D:2)
  3 ball pythons (D:1)
  2 endoplasms (D:1)
  2 giant cockroaches (D:2)
  4 goblins
  4 hobgoblins
  3 jackals (D:1)
  2 quokkas
  4 bats
  3 frilled lizards (D:1)
  2 kobolds (D:1)
  4 rats (D:1)
34 creatures vanquished.

Vanquished Creatures (collateral kills)
  A worm (D:1)
  A kobold (D:2)
2 creatures vanquished.

Vanquished Creatures (others)
  A dart slug zombie (D:2)
  A giant cockroach zombie (D:2)
2 creatures vanquished.

Grand Total: 38 creatures vanquished

Notes
Turn   | Place    | Note
-------+----------+-------------------------------------------
     0 | D:1      | Leszczynek the Human Gladiator began the quest for the Orb.
     0 | D:1      | Reached XP level 1. HP: 16/16 MP: 1/1
    93 | D:1      | Reached XP level 2. HP: 17/22 MP: 2/2
   299 | D:1      | Found a faded altar of an unknown god.
   417 | D:1      | Reached XP level 3. HP: 18/28 MP: 3/3
   419 | D:1      | Became a worshipper of Yredelemnul the Dark
   419 | D:1      | Reached * piety under Yredelemnul
   420 | D:1      | yhhh
   709 | D:1      | Learned a level 2 spell: Passwall
   799 | D:2      | Reached skill level 4 in Unarmed Combat
   937 | D:1      | You fall into a shaft and drop 1 floor!
   938 | D:2      | XD
   976 | D:2      | Quit the game

Illustrated notes

### . ..#
.######.##
......... #.....#
#.....# #....@#
#...†.# ##
#.....#..+ ..
#.....#.##...
#.........###
#...†).......
###'#...#.###
##...### #
#######.######.##


Turn 420 on D:1: yhhh ##### ##...## ##.....## #.......# #....>..# #....@..#
##...b.## #.......# #.......# #....K..# ##..[..## #..<..## .## ###)###S#
....####...# #.# Turn 938 on D:2: XD

Levels and vault maps discovered:
D:1:      kennysheep_arrival_seaside, layout_basic, basic_ecumenical_altar,
          minmay_misc_feat_enclosed, lemuel_another_geyser
D:2:      layout_rooms, basic_altar, minmay_pentomino_u2
D:3:      layout_rooms, lightli_sewer_entry_pipes

Skill      XL: |  1  2  3 |
---------------+----------+-----
Unarmed Combat | 4 |  4.0
Fighting       | |  2.6
Throwing       | |  2.0
Dodging        | |  3.0

Action                   || total
-------------------------++-------
Melee: Unarmed           ||   135
       Punch             ||     1
Invok: Animate Remains   ||     9
  Use: Scroll            ||     4
 Stab: Distracted        ||     2
Armor: Leather armour    ||    39
Dodge: Dodged            ||    86
Block: Kite shield       ||    10

Table legend: (Time is in decaauts)
 A = Elapsed time spent in this place.
 B = Non-inter-level travel time spent in this place.
 C = Inter-level travel time spent in this place.
 D = Time resting spent in this place.
 E = Time spent auto-exploring this place.
 F = Levels seen in this place.
 G = Mean time per level.
                   A        B        C        D        E       F      G
               +--------+--------+--------+--------+--------+-----+--------+
         Total |   1012 |    968 |     44 |      0 |      0 |   3 |  337.3 |
       Dungeon |   1012 |    968 |     44 |      0 |      0 |   3 |  337.3 |
               +--------+--------+--------+--------+--------+-----+--------+

Top non-repeatable levels by time:
     D:1: 863 daAuts
     D:2: 122 daAuts
     D:3: 27 daAuts
